 Dungeon Crawl Stone Soup version 0.31-a0-1570-g93c622d222 (webtiles) character file.

Game seed: 13907642007665075538

636 Flugslaktarn the Apothecary (level 7, -5/41 HPs)
             Began as an Octopode Alchemist on Jan 3, 2024.
             Was an Initiate of Kikubaaqudgha.
             Slain by a +5 hand axe "Pesoqoem" {spect, rF+ Str+2 Stlth+} (9 damage)
             ... created by a centaur
             ... on level 6 of the Dungeon.
             The game lasted 00:06:34 (1546 turns).

Flugslaktarn the Apothecary (Octopode Alchemist)    Turns: 1546, Time: 00:06:35

Health: -5/41      AC:  8    Str:  7 (8)  XL:     7   Next: 50%
Magic:  10/13      EV: 13    Int: 17 (19) God:    Kikubaaqudgha [......]
Gold:   104        SH:  0    Dex: 11 (12) Spells: 5/14 levels left

rFire   . . .        e - +3 mace (protect)
rCold   . . .        (no shield)
rNeg    . . .        (helmet restricted)
rPois   .            (no amulet)
rElec   .            (no ring)
rCorr   .            (no ring)
SInv    .            (no ring)
Will    .....        (no ring)
Stlth   +++          (no ring)
HPRegen 0.26/turn    (no ring)
MPRegen 0.13/turn    (no ring)
                     (no ring)

%: no passive effects
@: under a protective aura
A: almost no armour, amphibious, 8 rings, camouflage 1, gelatinous body 1,
(nimble swimmer 1), tentacles, mutation resistance 1, noise suppression
a: Renounce Religion


You were on level 6 of the Dungeon.
You worshipped Kikubaaqudgha.
Kikubaaqudgha was noncommittal.
You visited 2 branches of the dungeon, and saw 7 of its levels.

You collected 104 gold pieces.

Inventory:

Hand Weapons
 e - a +3 mace of protection (weapon)
   (You found it on level 2 of the Dungeon)
 j - a +6 hand axe of electrocution
   (You took it off an orc on level 4 of the Dungeon)
Jewellery
 b - an amulet of faith
   (You took it off a hobgoblin on level 2 of the Dungeon)
 c - an amulet of guardian spirit
   (You found it on level 2 of the Dungeon)
Wands
 m - a wand of flame (5)
   (You found it on level 5 of the Dungeon)
 p - a wand of roots (2)
   (You found it on level 6 of the Dungeon)
Scrolls
 f - a scroll of enchant weapon
 n - a scroll of torment
 t - a scroll of teleportation
Potions
 a - a potion of magic
 d - a potion of might


   Skills:
 - Level 2.0 Dodging
 - Level 2.6 Stealth
 + Level 4.2 Spellcasting
 - Level 1.0 Conjurations
 * Level 2.9 Fire Magic
 * Level 7.2 Alchemy


You had 5 spell levels left.
You knew the following spells:

 Your Spells              Type           Power      Damage    Failure   Level
a - Sting                 Conj/Alch      68%        1d7       2%          1
b - Olgreb's Toxic Radia  Alch           28%        N/A       8%          4
c - Sticky Flame          Fire/Alch      20%        2d6       19%         4

Your spell library contained the following spells:

 Spells                   Type           Power      Damage    Failure   Level
 Mercury Vapours          Alch/Air       30%        N/A       5%          2
 Mephitic Cloud           Conj/Alch/Air  12%        N/A       16%         3


Dungeon Overview and Level Annotations

Branches:
Dungeon (6/15)             Temple (1/1) D:5

Altars:
Ashenzari
Cheibriados
Elyvilon
Fedhas
Gozag
Hepliaklqana
Kikubaaqudgha
Nemelex Xobeh
Okawaru
Sif Muna
Trog
Uskayaw
Xom
Yredelemnul
Zin

Shops:
D:5 :


Innate Abilities, Weirdness & Mutations

You cannot wear most types of armour.
You are amphibious.
You can wear up to eight rings at the same time.
Your skin changes colour to match your surroundings (Stealth+).
Your rubbery body absorbs attacks. (AC +1, EV +1)
((You are camouflaged when in or above water. (Stealth+)))
You have tentacles for arms and can constrict up to eight enemies at once.
You are somewhat resistant to further mutation.
You passively dampen the noise of your surroundings.


Message History

e - a potion of might;
d - a potion of might
e - a +3 mace of protection (weapon)
Unknown command.
You see here a +0 club.
Things that are here:
a +0 whip; a gnoll corpse
Found a scroll of teleportation.
A phantom comes into view.
You see here a scroll of teleportation.
t - a scroll of teleportation
Okay, then.
Okay, then.
You drop a potion of degeneration.
You hit the phantom.
Your weapon exudes an aura of protection.
You squeeze the phantom.
The phantom is moderately damaged.
The phantom barely misses you.
You hit the phantom. Your squeeze misses the phantom.
The phantom is moderately damaged.
The phantom barely misses you.
You hit the phantom.
The phantom is heavily damaged.
The phantom misses you. The phantom barely misses you.
You miss the phantom.
The phantom is heavily damaged.
The phantom hits you but does no damage.
You barely miss the phantom. Your squeeze misses the phantom.
The phantom is heavily damaged.
The phantom closely misses you. The phantom hits you.
You hit the phantom. Your squeeze misses the phantom.
The phantom is heavily damaged.
The phantom hits you.
You are too injured to fight recklessly!
You are too injured to fight recklessly!
You are too injured to fight recklessly!
You hit the phantom. You squeeze the phantom!
The phantom is almost destroyed.
The phantom completely misses you.
You hit the phantom.
The phantom is almost destroyed.
The phantom barely misses you.
The phantom hits you but does no damage.
You barely miss the phantom.
The phantom is almost destroyed.
The phantom closely misses you.
You hit the phantom.
You destroy the phantom!
Kikubaaqudgha accepts your kill.
You open the door.
There is an open door here.
There is an open door here.
There is a stone staircase leading down here.
You climb downwards.
The orc shouts!
Found 9 gold pieces.
There is a stone staircase leading up here.
An orc is nearby!
You hit the orc.
Your weapon exudes an aura of protection.
You grab the orc. You squeeze the orc.
You kill the orc!
Kikubaaqudgha accepts your kill.
You see here a +0 flail.
You now have 104 gold pieces (gained 9).
A centaur is nearby!
Unknown command.
Casting: Olgreb's Toxic Radiance (quite dangerous; 8% risk of failure)
Confirm with . or Enter, or press ? or * to list all spells.
You begin to radiate toxic energy.
The centaur shouts!
The centaur is poisoned.
Unknown command.
The centaur shoots an arrow.
The arrow hits you.
The centaur looks even sicker.
Your toxic aura wanes.
The centaur shoots an arrow.
The arrow hits you!
You start resting.
A centaur is nearby!
You hit the centaur.
Your weapon exudes an aura of protection.
The centaur is heavily wounded.
The centaur unwields a +0 orcbow.
The centaur wields the +5 hand axe "Pesoqoem" {spect, rF+ Str+2 Stlth+}.
The centaur hits you with the +5 hand axe "Pesoqoem" {spect, rF+ Str+2 Stlth+}.
The +5 hand axe "Pesoqoem" {spect, rF+ Str+2 Stlth+} hits you.
The centaur kicks you.
* * * LOW HITPOINT WARNING * * *
The centaur hits you but does no damage.
The +5 hand axe "Pesoqoem" {spect, rF+ Str+2 Stlth+} hits you.
* * * LOW HITPOINT WARNING * * *
The centaur completely misses you.
A +5 hand axe "Pesoqoem" {spect, rF+ Str+2 Stlth+} comes into view.
Unknown command.
You hit the centaur but do no damage. You squeeze the centaur.
The centaur is severely wounded.
The centaur closely misses you.
The +5 hand axe "Pesoqoem" {spect, rF+ Str+2 Stlth+} hits you!
You die...
Kikubaaqudgha rasps: "You have failed me!
Welcome... death!"

#........#
#...!..c...#
#........# #
##.........#
#........# #.
#.#.......#
####..#####.
#.#.......## #..# #..
...$..#.....# #..##
#.# .#........).#
#...###.#
..c....####.#
##...##.###.##..#. #.#
##<).(@#.......#. #.#
#.##c##.....)##.####<.
#.#........(((.)...#..
#....#.#..............
##....................
#.##..#..............
#.##.##...........##.
#.#... ..........##.
.. ... .............


You could see a +5 hand axe "Pesoqoem" {spect, rF+ Str+2 Stlth+} (wandering) and
a centaur (poisoned).

Vanquished Creatures
  A black bear (D:4)
  2 phantoms (D:5)
  A kobold brigand (D:6)
  A scorpion (D:5)
  3 hounds
  An orc priest (D:4)
  An iguana (D:5)
  3 gnolls (D:5)
  4 adders
  2 ribbon worms (D:3)
  10 orcs
  3 bats (D:3)
  8 endoplasms
  4 giant cockroaches
  2 goblins
  3 hobgoblins
  2 quokkas
  2 ball pythons
  A frilled lizard (D:2)
  7 kobolds
  A rat (D:3)
62 creatures vanquished.

Notes
Turn   | Place    | Note
-------+----------+-------------------------------------------
     0 | D:1      | Flugslaktarn the Octopode Alchemist began the quest for the
                  | Orb.
     0 | D:1      | Reached XP level 1. HP: 11/11 MP: 3/3
   160 | D:2      | Reached XP level 2. HP: 17/17 MP: 3/5
   385 | D:3      | Reached skill level 4 in Alchemy
   397 | D:4      | Noticed a black bear
   433 | D:3      | Reached XP level 3. HP: 14/21 MP: 1/6
   632 | D:4      | Noticed a black bear
   643 | D:4      | Reached XP level 4. HP: 27/27 MP: 5/8
   647 | D:4      | Killed a black bear
   648 | D:4      | Reached skill level 5 in Alchemy
   648 | D:4      | Reached XP level 5. HP: 28/31 MP: 4/10
   722 | D:4      | Reached skill level 6 in Alchemy
   859 | D:4      | Learned a level 4 spell: Olgreb's Toxic Radiance
   902 | D:4      | Found a shimmering altar of Xom.
   905 | D:4      | Reached XP level 6. HP: 36/36 MP: 9/11
  1014 | D:4      | Learned a level 4 spell: Sticky Flame
  1051 | D:5      | Entered Level 5 of the Dungeon
  1079 | D:5      | Found Maithergh's Book Shoppe.
  1118 | D:5      | Reached skill level 1 in Fire Magic
  1155 | D:5      | Found a staircase to the Ecumenical Temple.
  1163 | Temple   | Entered the Ecumenical Temple
  1170 | Temple   | Became a worshipper of Kikubaaqudgha
  1211 | D:5      | Reached XP level 7. HP: 11/41 MP: 11/13
  1289 | D:6      | Reached skill level 7 in Alchemy
  1295 | D:6      | Identified the +5 hand axe "Pesoqoem" {spect, rF+ Str+2
                  | Stlth+}
  1310 | D:6      | Gained mutation: You are somewhat resistant to further
                  | mutation. [potion of mutation]
  1310 | D:6      | Gained mutation: You passively dampen the noise of your
                  | surroundings. [potion of mutation]
  1398 | D:5      | HP: 2/41 [poison]
  1546 | D:6      | Slain by a +5 hand axe "Pesoqoem" {spect, rF+ Str+2 Stlth+}

Illustrated notes

Levels and vault maps discovered:
D:1:      psy_arrival_spokes, layout_rooms,
          shapermc_ecumenical_altar_mp_ritualfount
D:2:      layout_loops_corners, serial_forest, infiniplex_forest_straight_2,
          infiniplex_forest_straight_5, infiniplex_forest_straight_4,
          infiniplex_forest_straight_1, infiniplex_forest_clump_diagonal,
          infiniplex_forest_clump_diagonal
D:3:      layout_loops_ring
D:4:      layout_gridville, mainiacjoe_overflow_alcove_2, serial_shops, shop
D:5:      layout_basic, minmay_temple_entry_gardened_gates, serial_shops,
          nicolae_shop_real_fake_doors, minmay_manual_maat
D:6:      layout_rooms, grunt_temple_overflow_open, ebering_ghost_disaster_area
Temple:   eino_temple_lava

Skill      XL: |  1  2  3  4  5  6  7 |
---------------+----------------------+-----
Alchemy        | 4 5 6 7 |  7.2
Spellcasting   | 3 4 |  4.2
Fire Magic     | 2 |  2.9
Dodging        | |  2.0
Stealth        | |  2.6
Conjurations   | |  1.0

Action                     |  1- 3 |  4- 6 |  7- 9 || total
---------------------------+-------+-------+-------++-------
  Melee: Unarmed           |     5 |       |       ||     5
         Constrict         |     8 |     5 |     1 ||    14
         Mace              |    35 |    15 |    15 ||    65
         Tentacles         |     7 |     9 |     4 ||    20
         Hand axe          |       |    15 |       ||    15
   Cast: Sting             |    33 |    20 |     4 ||    57
         Olgreb's Toxic Ra |       |     2 |     4 ||     6
    Use: Scroll            |     1 |       |     5 ||     6
         Potion            |       |       |     3 ||     3
   Stab: Sleeping          |     2 |     2 |       ||     4
 Armour: Skin              |    32 |    22 |    17 ||    71
  Dodge: Dodged            |    38 |    15 |    16 ||    69

Table legend: (Time is in decaauts)
 A = Elapsed time spent in this place.
 B = Non-inter-level travel time spent in this place.
 C = Inter-level travel time spent in this place.
 D = Time resting spent in this place.
 E = Time spent auto-exploring this place.
 F = Levels seen in this place.
 G = Mean time per level.
                   A        B        C        D        E       F      G
               +--------+--------+--------+--------+--------+-----+--------+
         Total |   1574 |   1438 |    136 |      4 |    590 |   7 |  224.9 |
       Dungeon |   1559 |   1423 |    136 |      4 |    590 |   6 |  259.8 |
        Temple |     14 |     14 |      0 |      0 |      0 |   1 |   14.0 |
               +--------+--------+--------+--------+--------+-----+--------+

Top non-repeatable levels by time:
     D:4: 464 daAuts
     D:5: 401 daAuts
     D:3: 387 daAuts
     D:2: 214 daAuts
     D:6: 88 daAuts
  Temple: 14 daAuts
     D:1: 3 daAuts
